 Dungeon Crawl Stone Soup version 0.28.0-53-g5a82cb258f (webtiles) character file.

Game seed: 14655587164945709968

3017 DocClef the Frost Mage (level 9, -8/66 HPs)
             Began as a Gnoll Ice Elementalist on July 10, 2022.
             Was a Believer of Okawaru.
             Mangled by a shadow (28 damage)
             ... on level 8 of the Dungeon.
             The game lasted 00:14:50 (9782 turns).

DocClef the Frost Mage (Gnoll Ice Elementalist)     Turns: 9782, Time: 00:14:50

Health: -8/66      AC: 18    Str:  9    XL:     9   Next: 85%
Magic:  15/19      EV: 15    Int: 18    God:    Okawaru [**....]
Gold:   313        SH:  0    Dex: 14    Spells: 14/21 levels left

rFire   . . .      SeeInvis .   q - +9 spear of Nemelex Xobeh's Grace {freeze, Dex+2 Stlth+}
rCold   + . .      Faith    .   (no shield)
rNeg    . . .      Spirit   .   F - +0 steam dragon scales
rPois   .          Reflect  .   (no helmet)
rElec   .          Harm     .   G - +0 cloak
rCorr   .          Rampage  .   x - +1 pair of gloves
Will    .....                   (no boots)
Stlth   ++++......              I - amulet of magic regeneration
HPRegen 0.21/turn               s - ring of ice
MPRegen 0.56/turn               c - ring of protection from fire

@: ice-armoured, freezing walls
A: fangs 1, strong nose, distributed training
a: Renounce Religion, Heroism


You were on level 8 of the Dungeon.
You worshipped Okawaru.
Okawaru was pleased with you.
You visited 2 branches of the dungeon, and saw 10 of its levels.

You collected 469 gold pieces.
You spent 156 gold pieces at shops.

Inventory:

Hand Weapons
 q - the +9 spear of Nemelex Xobeh's Grace (weapon) {freeze, Dex+2 Stlth+}
   (You found it on level 3 of the Dungeon)

   It freezes those it strikes, dealing additional cold damage.
   It can also slow down cold-blooded creatures.
   Dex:       It affects your dexterity (+2).
   Stlth:     It makes you more stealthy.
 K - the +8 rapier "Toafenil" {chaos, rElec rC++ Int-4 Dex+3}
   (You took it off a kobold brigand on level 7 of the Dungeon)

   Each time it hits an enemy it has a different, random effect.
   Int:       It affects your intelligence (-4).
   Dex:       It affects your dexterity (+3).
   rC:        It greatly protects you from cold.
   rElec:     It insulates you from electricity.
Missiles
 a - a throwing net
 J - 6 curare-tipped darts
Armour
 x - a +1 pair of gloves (worn)
 y - a +0 leather armour of cold resistance
 F - +0 steam dragon scales (worn)
 G - a +0 cloak (worn)
Jewellery
 c - a ring of protection from fire (right hand)
 k - an amulet of faith
 l - a ring of positive energy
 n - a ring of see invisible
 s - a ring of ice (left hand)
 t - a ring of wizardry
 I - an amulet of magic regeneration (around neck)
 L - a +6 ring of dexterity
 M - a +6 ring of strength
Wands
 v - a wand of iceblast (19)
 C - a wand of digging (19)
Scrolls
 e - 2 scrolls of enchant weapon {unknown}
 f - a scroll of amnesia {unknown}
 g - 3 scrolls of identify {unknown}
 i - 6 scrolls of teleportation {unknown}
 j - 4 scrolls of fog {unknown}
 m - 3 scrolls of vulnerability {unknown}
 p - a scroll of magic mapping {unknown}
 u - a scroll of noise {unknown}
 A - a scroll of fear {unknown}
 B - a scroll of immolation {unknown}
 H - 2 scrolls of enchant armour {unknown}
Potions
 b - 2 potions of brilliance {unknown}
 d - 5 potions of haste {unknown}
 h - 2 potions of lignification {unknown}
 o - 2 potions of mutation
 r - 5 potions of curing {unknown}
 w - 4 potions of heal wounds
 z - 2 potions of degeneration {unknown}
 D - a potion of cancellation {unknown}
 E - a potion of berserk rage {unknown}


   Skills:
 + Level 4.6 Fighting
 + Level 4.6 Short Blades
 + Level 4.6 Long Blades
 + Level 4.6 Axes
 + Level 4.6 Maces & Flails
 + Level 4.6 Polearms
 + Level 4.6 Staves
 + Level 4.6 Slings
 + Level 4.6 Bows
 + Level 4.6 Crossbows
 + Level 4.6 Throwing
 + Level 4.6 Armour
 + Level 6.6 Dodging
 + Level 6.3 Stealth
 + Level 4.6 Shields
 + Level 4.6 Unarmed Combat
 + Level 6.9 Spellcasting
 + Level 3.8 Conjurations
 + Level 3.8 Hexes
 + Level 3.8 Summonings
 + Level 3.8 Necromancy
 + Level 3.8 Translocations
 + Level 3.8 Transmutations
 + Level 3.8 Fire Magic
 + Level 8.1 Ice Magic
 + Level 3.8 Air Magic
 + Level 3.8 Earth Magic
 + Level 3.8 Poison Magic
 + Level 5.1 Invocations
 + Level 4.6 Evocations


You had 14 spell levels left.
You knew the following spells:

 Your Spells              Type           Power      Damage    Failure   Level
a - Freeze                Ice            100%       1d11      1%          1
b - Frozen Ramparts       Ice            100%       1d12      1%          3
c - Ozocubu's Armour      Ice            52%        N/A       1%          3

Your spell library contained the following spells:

 Spells                   Type           Power      Damage    Failure   Level
 Confusing Touch          Hex            20%        N/A       7%          3
 Ignite Poison            Fire/Tmut/Pois 20%        N/A       7%          3
 Mephitic Cloud           Conj/Pois/Air  20%        N/A       7%          3
 Hailstorm                Conj/Ice       41%        3d10      9%          4
 Freezing Cloud           Conj/Ice/Air   18%        6-21      34%         5
 Yara's Violent Unravell  Hex/Tmut       10%        3d6       52%         5
 Enfeeble                 Hex            10%        N/A       100%        7
 Orb of Destruction       Conj           10%        9d6       100%        7
 Summon Guardian Golem    Hex/Summ       Unusable   N/A       N/A         3
 Spellforged Servitor     Conj/Summ      Unusable   N/A       N/A         7

Dungeon Overview and Level Annotations

Branches:
Dungeon (9/15)             Temple (1/1) D:5
   Lair: D:8-11         Orc: D:9-12

Altars:
Ashenzari
Cheibriados
Dithmenos
Elyvilon
Fedhas
Gozag
Hepliaklqana
Kikubaaqudgha
Makhleb
Nemelex Xobeh
Okawaru
Qazlal
Ru
Sif Muna
Trog
Uskayaw
Vehumet
Wu Jian
Xom
Yredelemnul
Zin
The Shining One

Shops:
D:4 [((*!


Innate Abilities, Weirdness & Mutations

You have very sharp teeth.
Your uncanny sense of smell can sniff out nearby items.
Your experience applies equally to all skills.


Message History

Deactivating autopickup; reactivate with Ctrl-A.
Your icy armour will break if you move.
Continue? [Y]es or [N]o only, please.
Your icy armour will break if you move.
Continue?
You hit something. Your bite misses something. The kobold barely misses you.
The shadow strikes at you from the darkness!
Reactivating autopickup.
Unknown command.
Your icy armour will break if you move.
Continue?
The kobold hits you but does no damage. The shadow barely misses you.
You climb upwards.
Your icy armour cracks and falls away as you move.
There is a stone staircase leading down here.
Casting: Ozocubu's Armour (safe; 1% risk of failure)
Confirm with . or Enter, or press ? or * to list all spells.
You feel a surge of power! A film of ice covers your body!
The kobold misses you. The shadow hits you.
Casting: Ozocubu's Armour (safe; 1% risk of failure)
Confirm with . or Enter, or press ? or * to list all spells.
Casting: Frozen Ramparts (safe; 1% risk of failure)
Press: ? - help, Dir - look around, f - activate A stone staircase leading down.
You feel a surge of power!
The walls around you are covered in ice.
The wall freezes the kobold!
You kill the kobold!
The shadow completely resists.
The wall freezes the shadow but does no damage.
The shadow slips into darkness.
The shadow flickers and vanishes!
Deactivating autopickup; reactivate with Ctrl-A.
Your icy armour and frozen ramparts will break if you move.
Continue? [Y]es or [N]o only, please.
Your icy armour and frozen ramparts will break if you move.
Continue? [Y]es or [N]o only, please.
Your icy armour and frozen ramparts will break if you move.
Continue?
You puncture something! Your punch misses something.
The wall freezes something but does no damage.
The shadow strikes at you from the darkness!
You die...

######........[.............#
#..........###..###########.#
#.####.#...###..#.........#.#
#####.# #.##.........#...###.#.#
...##.# #.#...........>..# #.#.#
.#.##.## #.#...###..#####.# #.#.#
.......# #......##..# #.# #.#.#
.#.##..###......{#..# #.# #.#.#
................@#..# #.# #.#.#
..####.##......#)#..#####.###.#.#
.## #(##...#...................#
.# #.##.#...##.#######..###.###
.#####.##....[............# #.>..
....##.#####.###.######...# ####.
.##.##.# #.# #.# #...# #.
###.##.# #.# #.# #...# #.
#.##.#####># #.# #...######.


There were no monsters in sight!

Vanquished Creatures
  A gargoyle (D:7)
  A wyvern (D:7)
  2 steam dragons
  3 necrophages
  2 ogres
  A phantom (D:4)
  A centaur (D:7)
  A bullfrog (D:7)
  4 kobold brigands
  2 scorpions (D:5)
  A water moccasin skeleton (D:5)
  8 wights
  A howler monkey (D:8)
  A centaur zombie (D:8)
  An orc priest (D:7)
  6 hounds
  3 gnoll shamans
  A jelly (D:6)
  2 iguanas
  2 orc wizards (D:7)
  A killer bee zombie (D:5)
  18 gnolls
  6 adders
  3 shadow imps
  A white imp (D:4)
  2 adder skeletons (D:4)
  2 dart slugs
  17 orcs
  7 ball pythons
  5 bats
  8 endoplasms
  7 hobgoblins
  2 jackals (D:1)
  19 kobolds
  4 quokkas
  A frilled lizard (D:2)
  4 goblins
  4 rats
155 creatures vanquished.

Notes
Turn   | Place    | Note
-------+----------+-------------------------------------------
     0 | D:1      | DocClef the Gnoll Ice Elementalist began the quest for the
                  | Orb.
     0 | D:1      | Reached XP level 1. HP: 13/13 MP: 6/6
   367 | D:1      | Reached XP level 2. HP: 19/19 MP: 4/7
   978 | D:2      | Reached skill level 5 in Spellcasting
   978 | D:2      | Reached skill level 1 in Invocations
   978 | D:2      | Reached XP level 3. HP: 16/25 MP: 2/9
  1124 | D:2      | Reached skill level 1 in Fighting
  1124 | D:2      | Reached skill level 1 in Short Blades
  1124 | D:2      | Reached skill level 1 in Long Blades
  1124 | D:2      | Reached skill level 1 in Axes
  1124 | D:2      | Reached skill level 1 in Maces & Flails
  1124 | D:2      | Reached skill level 1 in Polearms
  1124 | D:2      | Reached skill level 1 in Staves
  1124 | D:2      | Reached skill level 1 in Slings
  1124 | D:2      | Reached skill level 1 in Bows
  1124 | D:2      | Reached skill level 1 in Crossbows
  1124 | D:2      | Reached skill level 1 in Throwing
  1124 | D:2      | Reached skill level 1 in Armour
  1124 | D:2      | Reached skill level 1 in Shields
  1124 | D:2      | Reached skill level 1 in Unarmed Combat
  1124 | D:2      | Reached skill level 1 in Evocations
  1251 | D:2      | Reached XP level 4. HP: 32/32 MP: 8/11
  2332 | D:3      | Identified the +9 spear of Nemelex Xobeh's Grace {freeze,
                  | Dex+2 Stlth+}
  2721 | D:4      | Reached skill level 1 in Conjurations
  2721 | D:4      | Reached skill level 1 in Hexes
  2721 | D:4      | Reached skill level 1 in Summonings
  2721 | D:4      | Reached skill level 1 in Necromancy
  2721 | D:4      | Reached skill level 1 in Translocations
  2721 | D:4      | Reached skill level 1 in Transmutations
  2721 | D:4      | Reached skill level 1 in Fire Magic
  2721 | D:4      | Reached skill level 1 in Air Magic
  2721 | D:4      | Reached skill level 1 in Earth Magic
  2721 | D:4      | Reached skill level 1 in Poison Magic
  3093 | D:4      | Found Kiuczuetz's General Store.
  3179 | D:4      | Reached XP level 5. HP: 37/37 MP: 12/12
  3218 | D:4      | Noticed a necrophage
  3389 | D:4      | Killed a necrophage
  3390 | D:4      | Reached XP level 6. HP: 42/44 MP: 5/13
  3518 | D:4      | Found Uturitap's Weapon Shoppe.
  3560 | D:4      | Found Mujeeceu's Weapon Shoppe.
  3612 | D:4      | Reached skill level 5 in Dodging
  3852 | D:4      | Found Wecluor's Antique Armour Shop.
  4368 | D:4      | Noticed a necrophage
  4369 | D:4      | Found Feuqut's Distillery.
  4380 | D:4      | Killed a necrophage
  4381 | D:4      | Reached XP level 7. HP: 38/50 MP: 8/15
  4547 | D:4      | Bought a potion of heal wounds for 60 gold pieces
  4547 | D:4      | Bought a potion of mutation for 96 gold pieces
  4631 | D:5      | Entered Level 5 of the Dungeon
  4725 | D:5      | Learned a level 3 spell: Frozen Ramparts
  4729 | D:5      | Learned a level 3 spell: Ozocubu's Armour
  4859 | D:5      | Found a staircase to the Ecumenical Temple.
  4879 | Temple   | Entered the Ecumenical Temple
  5060 | Temple   | Became a worshipper of Warmaster Okawaru
  5141 | D:5      | Found a hazy altar of Hepliaklqana.
  5325 | D:5      | Reached skill level 5 in Stealth
  5532 | D:5      | Identified the +1 chain mail of Qyaralai {+Blink Str+4
                  | Slay+3}
  6037 | D:6      | Reached XP level 8. HP: 24/57 MP: 12/16
  6470 | D:6      | Reached * piety under Okawaru
  7896 | D:7      | Reached XP level 9. HP: 18/64 MP: 11/18
  8330 | D:7      | Reached ** piety under Okawaru
  8397 | D:7      | Identified the +8 rapier "Toafenil" {chaos, rElec rC++
                  | Int-4 Dex+3}
  8474 | D:7      | Noticed a gargoyle
  8496 | D:7      | Killed a gargoyle
  8497 | D:7      | Reached skill level 8 in Ice Magic
  8637 | D:7      | Found a large runed translucent door.
  8638 | D:7      | Found a large runed translucent door.
  8641 | D:7      | Found a shimmering altar of Xom.
  9187 | D:8      | Reached skill level 5 in Invocations
  9774 | D:9      | Noticed a troll
  9782 | D:8      | Mangled by a shadow

Illustrated notes

Levels and vault maps discovered:
D:1:      nzn_arrival_water_spiral, layout_basic
D:2:      layout_rooms, hex_tiny, nicolae_concentric_dashed_squares_mild
D:3:      layout_basic
D:4:      minmay_chambers_of_threes, layout_rooms, serial_shops,
          nicolae_shop_temple_entry_statues_fountains, shop,
          nicolae_shop_window_shopping, nicolae_inconvenience_store,
          nicolae_shop_overgrown_old_shop
D:5:      layout_basic, nicolae_hepliaklqana_hazy_memory,
          minmay_temple_entry_statues_fountains
D:6:      layout_basic
D:7:      due_chaos_kobolds, layout_loops_ring, minmay_misc_feat_square
D:8:      layout_loops_ring
D:9:      layout_layer_cave, david_orc_5, uniq_erolcha
Temple:   minmay_crystal_snake_temple

Skill      XL: |  1  2  3  4  5  6  7  8  9 |
---------------+----------------------------+-----
Spellcasting   | 5 6 |  6.9
Invocations    | 1 2 3 4 5 |  5.1
Fighting       | 1 2 3 4 |  4.6
Short Blades   | 1 2 3 4 |  4.6
Long Blades    | 1 2 3 4 |  4.6
Axes           | 1 2 3 4 |  4.6
Maces & Flails | 1 2 3 4 |  4.6
Polearms       | 1 2 3 4 |  4.6
Staves         | 1 2 3 4 |  4.6
Slings         | 1 2 3 4 |  4.6
Bows           | 1 2 3 4 |  4.6
Crossbows      | 1 2 3 4 |  4.6
Throwing       | 1 2 3 4 |  4.6
Armour         | 1 2 3 4 |  4.6
Shields        | 1 2 3 4 |  4.6
Unarmed Combat | 1 2 3 4 |  4.6
Evocations     | 1 2 3 4 |  4.6
Conjurations   | 1 2 3 |  3.8
Hexes          | 1 2 3 |  3.8
Summonings     | 1 2 3 |  3.8
Necromancy     | 1 2 3 |  3.8
Translocations | 1 2 3 |  3.8
Transmutations | 1 2 3 |  3.8
Fire Magic     | 1 2 3 |  3.8
Air Magic      | 1 2 3 |  3.8
Earth Magic    | 1 2 3 |  3.8
Poison Magic   | 1 2 3 |  3.8
Dodging        | 5 6 |  6.6
Stealth        | 5 6 |  6.3
Ice Magic      | 8 |  8.1

Action                   |  1- 3 |  4- 6 |  7- 9 || total
-------------------------+-------+-------+-------++-------
Melee: Unarmed           |     3 |       |       ||     3
       Short sword       |     5 |     2 |       ||     7
       Bite              |     2 |     9 |    15 ||    26
       Spear             |       |    74 |   233 ||   307
       Dagger            |       |    10 |       ||    10
       Punch             |       |     1 |     9 ||    10
 Cast: Freeze            |    29 |    30 |     5 ||    64
       Ozocubu's Armour  |       |       |    19 ||    19
       Frozen Ramparts   |       |       |    17 ||    17
 Stab: Sleeping          |       |    10 |    12 ||    22
       Distracted        |       |     1 |       ||     1
Armor: Robe              |     4 |    12 |     7 ||    23
       Steam dragon scal |       |       |    40 ||    40
Dodge: Dodged            |    20 |    34 |   120 ||   174
